AoeStats
← Jazzmushroom

Black Forest

508921362Analyzed
4v4 RM · 8d ago on Sep 24, 2026· 46m 48s· 8 players
Game mode
Random Map
Map size
Large (8 player)
Population
200
Speed
Normal
Resources
Standard
Victory
Conquest
Starting age
Dark Age
Ending age
Imperial Age
RankedLock teamsTeams togetherTeam positionsShared explorationLock speedFull tech treeHidden civsTurbo modeCheats
Victory
Defeat
1342
+14
🇺🇸 Bohemians · United States
1316
+15
🇺🇸 Varangians · United States
1286
+16
🇵🇪 Italians · Peru
1280
+17
🇧🇷 Persians · Brazil
1338
-17
🇨🇭 Celts · Switzerland
1324
-17
🇧🇦 Danes · Bosnia & Herzegovina
1266
-14
🇧🇦 Saxons · Bosnia & Herzegovina
1266
-14
Geronimo
6:51 Loom
11:50 Feudal Age
16:16 Castle Age
14:16 Double-Bit Axe
16:11 Fishing Lines
17:08 Gillnets
18:04 Bow Saw
24:01 Wheelbarrow
25:43 Gold Mining
29:11 Imperial Age
26:57 Hand Cart
29:59 Coinage
29:30 Caravan
29:27 Heavy Scorpion
31:13 Chemistry
30:19 Siege Engineers
30:25 Masonry
30:14 Fletching
31:33 Hoardings
31:32 Banking
31:19 Onager
31:46 Capped Ram
33:33 Conscription
33:16 Siege Ram
35:14 Bodkin Arrow
35:43 Ballistics
byBELMO!
12:44 Feudal Age
16:24 Castle Age
14:18 Horse Collar
15:17 Double-Bit Axe
19:49 Bow Saw
20:52 Loom
23:43 Heavy Plow
26:00 Wheelbarrow
27:02 Gold Mining
28:23 Hand Cart
31:58 Imperial Age
29:59 Fletching
30:10 Padded Archer Armor
30:35 Bloodlines
30:26 Husbandry
30:36 Stone Mining
30:59 Bodkin Arrow
31:48 Ballistics
31:40 Fortified Wall
32:36 Thumb Ring
32:08 Cranequins
32:53 Bracer
33:08 Leather Archer Armor
35:05 Chemistry
34:16 Masonry
34:10 Elite Skirmisher
34:24 Heavy Mounted Crossbowman
36:56 Ring Archer Armor
37:56 Elite Skirmisher
drauler
0:43 Loom
14:29 Feudal Age
15:19 Double-Bit Axe
16:24 Fishing Lines
18:14 Wheelbarrow
21:37 Castle Age
20:19 Gold Mining
21:57 Gillnets
22:15 Stone Mining
24:02 Bow Saw
31:19 Imperial Age
28:36 Town Watch
30:43 Hand Cart
31:00 Scale Barding Armor
31:06 Forging
30:51 Horse Collar
32:10 Chain Barding Armor
32:07 Bloodlines
31:58 Husbandry
32:23 Masonry
33:15 Iron Casting
32:56 Heavy Plow
33:49 Caravan
34:54 Gold Shaft Mining
35:23 Chemistry
35:20 Crop Rotation
35:58 Plate Barding Armor
36:53 Two-Man Saw
35:18 Cavalier
37:02 Conscription
37:49 Blast Furnace
36:40 Fletching
38:07 Hoardings
37:26 Savar
40:37 Murder Holes
41:14 Architecture
41:05 Ballistics
40:48 Bodkin Arrow
42:19 Padded Archer Armor
Suke
13:35 Feudal Age
14:25 Double-Bit Axe
14:25 Horse Collar
17:21 Castle Age
18:15 Bow Saw
18:49 Heavy Plow
25:15 Wheelbarrow
24:29 Fishing Lines
29:49 Imperial Age
28:19 Gold Mining
28:19 Stone Mining
29:35 Masonry
29:39 Forging
29:29 Scale Mail Armor
29:51 Onager
29:59 Northmen's Fury
30:59 Conscription
30:58 Siege Onager
31:08 Pikeman
32:25 Iron Casting
32:06 Chain Mail Armor
32:52 Siege Engineers
33:09 Ballistics
33:50 Chemistry
32:14 Heavy Scorpion
34:21 Caravan
34:31 Halberdier
35:12 Squires
34:57 Arson
35:16 Elite Varangian Guard
35:38 Capped Ram
39:29 Siege Ram
Jazzmushroom
9:50 Loom
11:41 Feudal Age
12:36 Double-Bit Axe
16:06 Castle Age
14:55 Fishing Lines
17:26 Bow Saw
18:49 Gillnets
20:42 Wheelbarrow
23:36 Town Watch
24:55 Hand Cart
25:08 Gold Mining
25:10 Stone Mining
25:08 Horse Collar
27:26 Heavy Plow
30:25 Imperial Age
28:55 Stone Shaft Mining
29:25 Gambesons
29:41 Squires
29:27 Arson
29:53 Scale Mail Armor
30:03 Forging
31:03 Chain Mail Armor
30:34 Gothikon
31:34 Conscription
32:14 Iron Casting
31:42 Elite Varangian Guard
35:39 Blast Furnace
35:13 Plate Mail Armor
34:15 Capped Ram
35:26 Siege Ram
37:40 Siege Engineers
40:49 Coinage
43:02 Banking
44:35 Two-Man Saw
44:11 Crop Rotation
Creed
1:05 Loom
12:42 Feudal Age
19:17 Castle Age
18:25 Double-Bit Axe
19:53 Wheelbarrow
20:35 Bow Saw
23:02 Fletching
23:14 Fishing Lines
24:24 Gillnets
24:56 Horse Collar
26:53 Heavy Plow
28:35 Hand Cart
28:06 Town Watch
29:35 Padded Archer Armor
29:31 Bodkin Arrow
30:09 Ballistics
30:33 Scale Mail Armor
30:44 Forging
32:18 Fervor
35:03 Imperial Age
31:57 Pikeman
33:14 Masonry
34:17 Squires
34:03 Arson
34:34 Chain Mail Armor
34:55 Iron Casting
35:27 Chemistry
35:09 Wagenburg Tactics
36:34 Conscription
36:12 Houfnice
38:02 Plate Mail Armor
37:43 Halberdier
40:24 Blast Furnace
39:25 Bracer
40:46 Wagenburg Tactics
41:32 Siege Engineers
娘子出來看上帝了
0:34 Loom
10:11 Feudal Age
15:22 Castle Age
13:43 Double-Bit Axe
14:55 Horse Collar
18:06 Bow Saw
19:36 Wheelbarrow
21:15 Fishing Lines
23:22 Gillnets
29:07 Imperial Age
27:23 Hand Cart
27:47 Ballistics
27:19 Fletching
28:12 Bodkin Arrow
28:17 Padded Archer Armor
28:40 Stone Mining
28:44 Gold Mining
30:19 Conscription
30:13 Husbandry
30:15 Bracer
29:59 Capped Ram
31:24 Drill
31:25 Town Watch
31:23 Siege Ram
32:14 Siege Engineers
33:10 Chemistry
33:31 Stone Shaft Mining
33:33 Gold Shaft Mining
33:08 Thumb Ring
34:29 Leather Archer Armor
34:18 Heavy Plow
34:32 Bloodlines
34:14 Elite Mangudai
38:51 Parthian Tactics
42:17 Hoardings
43:30 Onager
45:17 Forging
45:12 Scale Barding Armor
45:09 Caravan
47:18 Masonry
El Thony
1:06 Loom
11:05 Feudal Age
16:43 Castle Age
14:39 Stone Mining
14:42 Double-Bit Axe
15:15 Fishing Lines
17:54 Bow Saw
18:58 Wheelbarrow
19:25 Fletching
22:44 Gillnets
27:29 Imperial Age
25:56 Bodkin Arrow
27:21 Ballistics
27:07 Padded Archer Armor
29:18 Chemistry
28:39 Hand Cart
28:19 Gold Mining
30:22 Bracer
31:59 Conscription
31:56 Forging
32:12 Squires
33:15 Stone Shaft Mining
32:37 Arson
32:55 Scale Mail Armor
34:13 Masonry
34:01 Horse Collar
36:56 Bloodlines
36:46 Husbandry
36:31 Light Cavalry
38:03 Town Watch
42:00 Scale Barding Armor
42:30 Iron Casting
42:09 Pikeman
43:41 Hoardings
Connection lost

Rejoining the realm…

Still unreachable

The connection could not be restored.

Session expired

The server has moved on; the page needs a fresh start.